 Dungeon Crawl Stone Soup version 0.28.0-53-g5a82cb258f (webtiles) character file.

Game seed: 4652319421078985486

409 Zeld the Magician (level 6, -1/32 HPs)
             Began as a Deep Elf Fire Elementalist on May 25, 2022.
             Killed by divine providence
             ... invoked by an orc priest
              (12 damage)
             ... on level 4 of the Dungeon.
             The game lasted 00:03:48 (4554 turns).

Zeld the Magician (Deep Elf Fire Elementalist)      Turns: 4554, Time: 00:03:48

Health: -1/32      AC:  2    Str:  5    XL:     6   Next: 58%
Magic:  5/17       EV: 12    Int: 22    God:
Gold:   146        SH:  0    Dex: 15    Spells: 8/18 levels left

rFire   . . .      SeeInvis .   (no weapon)
rCold   . . .      Faith    .   (no shield)
rNeg    . . .      Spirit   .   a - +0 robe
rPois   .          Reflect  .   (no helmet)
rElec   .          Harm     .   (no cloak)
rCorr   +          Rampage  .   (no gloves)
Will    .....                   (no boots)
Stlth   ++........              (no amulet)
HPRegen 0.10/turn               i - ring of resist corrosion
MPRegen 0.15/turn               l - ring of flight

@: flying
A: no striking features
a: no special abilities


You were on level 4 of the Dungeon.
You visited 1 branch of the dungeon, and saw 4 of its levels.

You collected 146 gold pieces.

Inventory:

Armour
 a - a +0 robe (worn)
Jewellery
 i - a ring of resist corrosion (left hand)
 l - a ring of flight (right hand)
Scrolls
 d - 2 scrolls of teleportation {unknown}
 f - 3 scrolls of identify {unknown}
 h - 2 scrolls of vulnerability {unknown}
 j - a scroll of immolation {unknown}
 m - a scroll of enchant armour {unknown}
Potions
 b - 2 potions of berserk rage {unknown}
 c - a potion of cancellation {unknown}
 e - 2 potions of lignification {unknown}
 g - a potion of attraction {unknown}
 k - 2 potions of resistance {unknown}
 n - a potion of flight {unknown}


   Skills:
 - Level 2.4 Dodging
 - Level 2.4 Stealth
 * Level 6.5 Spellcasting
 + Level 3.3 Conjurations
 * Level 5.7 Fire Magic


You had 8 spell levels left.
You knew the following spells:

 Your Spells              Type           Power      Damage    Failure   Level
a - Foxfire               Conj/Fire      100%       2x1d9     1%          1
b - Scorch                Fire           64%        2d8       1%          2
c - Inner Flame           Hex/Fire       19%        N/A       9%          3
d - Flame Wave            Conj/Fire      27%        2d7       14%         4

Your spell library contained the following spells:

 Spells                   Type           Power      Damage    Failure   Level
 Conjure Flame            Conj/Fire      27%        6-21      4%          3


Dungeon Overview and Level Annotations

Branches:
Dungeon (4/15)
 Temple: D:4-7

Altars:
Elyvilon
Uskayaw
Wu Jian


Message History

An orc comes into view. It is wielding a +0 dagger.
Casting: Scorch (safe; 1% risk of failure)
Confirm with . or Enter, or press ? or * to list all spells.
Flames lash the endoplasm.
You kill the endoplasm!
The orc throws a boomerang.
The boomerang hits you.
An orc priest comes into view. It is wielding a +0 dagger.
The adder bites you.
You are poisoned.
The adder poisons you!
Casting: Scorch (safe; 1% risk of failure)
Confirm with . or Enter, or press ? or * to list all spells.
Flames lash the adder.
The adder is burned terribly!
You kill the adder!
You feel sick.
A hound skeleton comes into view.
The orc throws a boomerang.
The boomerang closely misses you.
You feel sick.
You see here a hobgoblin corpse.
You feel sick.
The orc priest mumbles some strange prayers to Beogh against you.
Beogh smites you!
The quokka bites you but does no damage.
You hear a shout!
You feel sick.
The orc throws a boomerang.
The boomerang barely misses you.
You feel sick.
You are no longer poisoned.
The orc throws a boomerang.
The boomerang hits you. The quokka bites you.
* * * LOW HITPOINT WARNING * * *
The quokka twitches its whiskers.
The quokka completely misses you.
You see here a murky sapphire potion.
The hound skeleton closely misses you. The quokka barely misses you.
There is a stone staircase leading down here.
The quokka completely misses you.
The orc priest mumbles some strange prayers to Beogh against you.
Beogh smites you!
You die...

#.......# #.#._.#.###########
#.......#.........#
........)########.## ....8.8....#
####..####.# ...........#
#..........# ..8.....8..#
#.###.########
#.........#####.#..........#
..8.....8..o.oZr@....#####.#
#........o#######....##
#...8.8...# ##.###...####
.....(....# #.............
........#######.###...#####
.....o......# #.#(.....##
......o!....###.#.#.....#
..(.........##....#.#...####### #
###.........##...##...........#.#


You could see an orc priest, 2 orcs, a quokka and a hound skeleton.

Vanquished Creatures
  A black bear (D:4)
  A howler monkey (D:4)
  A bullfrog zombie (D:3)
  An orc priest (D:3)
  2 jellies (D:3)
  8 adders
  3 worms
  3 dart slugs
  4 orcs
  12 endoplasms
  5 giant cockroaches
  4 goblins
  5 hobgoblins
  3 jackals
  12 kobolds
  2 quokkas
  6 ball pythons
  4 bats
  A frilled lizard (D:1)
  8 rats
86 creatures vanquished.

Vanquished Creatures (others)
  75 foxfires
  5 fungi (D:3)
  8 toadstools (D:3)
88 creatures vanquished.

Grand Total: 174 creatures vanquished

Notes
Turn   | Place    | Note
-------+----------+-------------------------------------------
     0 | D:1      | Zeld the Deep Elf Fire Elementalist began the quest for the
                  | Orb.
     0 | D:1      | Reached XP level 1. HP: 10/10 MP: 6/6
   437 | D:1      | Reached XP level 2. HP: 7/15 MP: 5/8
   956 | D:2      | Learned a level 2 spell: Scorch
  1261 | D:2      | Reached XP level 3. HP: 19/19 MP: 7/10
  1267 | D:2      | Learned a level 3 spell: Inner Flame
  1386 | D:2      | Reached skill level 4 in Spellcasting
  2382 | D:3      | Reached XP level 4. HP: 9/24 MP: 2/12
  2655 | D:2      | Learned a level 4 spell: Flame Wave
  2860 | D:3      | Reached skill level 5 in Spellcasting
  2860 | D:3      | Reached XP level 5. HP: 28/28 MP: 4/14
  3065 | D:3      | Found a white marble altar of Elyvilon.
  3811 | D:3      | Reached skill level 5 in Fire Magic
  4158 | D:3      | Found a faded altar of an unknown god.
  4206 | D:3      | Found an ornate altar of the Wu Jian Council.
  4389 | D:4      | Noticed a black bear
  4397 | D:4      | Killed a black bear
  4398 | D:4      | Reached skill level 6 in Spellcasting
  4398 | D:4      | Reached XP level 6. HP: 32/32 MP: 1/17
  4499 | D:4      | Found a hide-covered altar of Uskayaw.
  4554 | D:4      | Killed from afar by an orc priest

Illustrated notes

Levels and vault maps discovered:
D:1:      lightli_arrival_isolated_outpost, layout_basic
D:2:      layout_rooms, serial_bayou_pond_d
D:3:      cheibrodos_fertilizer, layout_basic, nicolae_elyvilon_peaceful_grove,
          nicolae_overflow_hidden_temple, dilly_ecumenical_altar_fadedgnrine,
          grunt_ministairs_3
D:4:      layout_basic, lemuel_round_altar, nicolae_uskayaw_dance_hall,
          uniq_crazy_yiuf_cottage

Skill      XL: |  1  2  3  4  5 |
---------------+----------------+-----
Spellcasting   | 4 5 6 |  6.5
Fire Magic     | 4 5 |  5.7
Conjurations   | 2 3 |  3.3
Dodging        | |  2.4
Stealth        | |  2.4

Action                   |  1- 3 |  4- 6 || total
-------------------------+-------+-------++-------
Melee: Unarmed           |     5 |    11 ||    16
 Cast: Foxfire           |    44 |       ||    44
       Scorch            |    29 |    65 ||    94
Armor: Robe              |     3 |     7 ||    10
Dodge: Dodged            |    42 |    19 ||    61
